Cogmind - Beta 15 @@@ ROGUE MODE // 2025.08.03 @ 13:43:08 Player: LameThyst Result: Destroyed by G-47 Trooper with Particle Gun Performance ------------- Evolutions (0) 0 Regions Visited (1) 200 Robots Destroyed (17) 85 Value Destroyed (362) 362 Prototype IDs (0) 0 Alien Tech Used (0) 0 Bonus (0) 0 TOTAL SCORE: 647 Bonus ------- None Cogmind --------- Core Integrity 0/250 Matter 243/300 Energy 100/100 System Corruption 1% Temperature Cool (60) Movement Walking (120) Location -10/Materials Parts ------- > --- POWER (1) -------- (None) > --- PROPULSION (2) --- Aluminum Leg > --- UTILITY (2) ------ Small Storage Unit > --- WEAPON (2) ------- Beam Cannon Light Assault Rifle > --- INVENTORY (8) ---- Light Ion Engine Aluminum Leg Aluminum Leg Aluminum Leg Structural Scanner Beam Cannon Beam Cannon Light Assault Rifle Peak State ------------ > --- POWER ------------ Ion Engine > --- PROPULSION ------- Aluminum Leg Aluminum Leg > --- UTILITY ---------- Small Storage Unit Seismic Detector > --- WEAPON ----------- Assault Rifle Assault Rifle > --- INVENTORY -------- Light Ion Engine Compact Wheel Light Assault Rifle [Rating: 7] Favorites ----------- Power Ion Engine Engine Ion Engine Propulsion Aluminum Leg Leg Aluminum Leg Utility Small Storage Unit Device Seismic Detector Storage Small Storage Unit Protection Light Armor Plating Weapon Assault Rifle Energy Cannon Beam Cannon Ballistic Gun Assault Rifle Build | -11 -10 ------- Run | Yrd Mat Slots Evolved . | . . Power . | . . Propulsion . | . . Utility . | . . Weapon . | . . Parts Attached 23 | 9 14 Power 4 | 2 2 Engine 4 | 2 2 Core . | . . Reactor . | . . Propulsion 7 | 2 5 Treads . | . . Leg 7 | 2 5 Wheel . | . . Hover . | . . Flight . | . . Utility 5 | 2 3 Device 3 | 1 2 Storage 1 | 1 . Processor . | . . Hackware . | . . Protection 1 | . 1 Artifact . | . . Weapon 7 | 3 4 Energy Gun . | . . Energy Cannon 3 | . 3 Ballistic Gun 4 | 3 1 Ballistic Cannon . | . . Launcher . | . . Special Weapon . | . . Impact Weapon . | . . Slashing Weapon . | . . Piercing Weapon . | . . Special Melee Weapon . | . . Unidentified Prototypes . | . . Parts Lost 7 | . 7 Power 1 | . 1 Propulsion 2 | . 2 Utility 2 | . 2 Weapon 2 | . 2 Highest Loss Streak 4 | . 4 To Critical Strikes . | . . Average Backups 6 | 2 7 Power . | . 1 Propulsion 1 | . 1 Utility 1 | . 2 Weapon 1 | . 2 Tool/Special . | . . Unused Backups 4 | . 4 Power . | . . Propulsion 1 | . 1 Utility 2 | . 2 Weapon 1 | . 1 Tool/Special . | . . Average Slot Usage (%) 96 | . 96 Engine 13 | . 13 Leg 27 | . 27 Device 10 | . 10 Storage 14 | . 14 Protection 2 | . 2 Energy Cannon 6 | . 6 Ballistic Gun 21 | . 21 Peak Build Rating 7 | 7 7 Average Rating 6 | 5 6 On Entrance 3 | . 7 Naked Turns . | . . Heaviest Build 17 | 15 17 Greatest Support 20 | 20 20 Greatest Overweight (x) . | . . Average Overweight (x) . | . . Largest Inventory Capacity 8 | 8 8 Average Capacity 7 | 7 8 Most Carried 8 | 4 8 Average Carried 6 | 2 7 Final Capacity 8 | 8 8 Final Carried 8 | 4 8 Class Distribution -------------------- 100% | Mutant Dominant Class ---------------- Mutant | -10/Materials Resources | -11 -10 ----------- Run | Yrd Mat Matter Collected 714 | 333 381 Remotely . | . . Salvage Created 530 | 149 381 Parts 34 | 10 24 Haulers Intercepted . | . . Recyclers Shooed . | . . Parts Field Recycled . | . . Retrieved Matter . | . . Parts Self-Destructed . | . . Prevented . | . . Kills | -11 -10 ------- Run | Yrd Mat Combat Hostiles Destroyed 13 | . 13 Guns 11 | . 11 Cannons 2 | . 2 Classes Destroyed 5 | 3 2 Worker 1 | 1 . Tunneler 2 | 2 . Recycler 1 | 1 . Swarmer 6 | . 6 Grunt 7 | . 7 Best Kill Streak 3 | 2 3 Combat Bots Only 3 | . 3 Max Kills in Single Turn 1 | 1 1 Gunslinging . | . . Exploded . | . . Melee . | . . Uniques/NPCs Destroyed . | . . Combat | -11 -10 -------- Run | Yrd Mat Hostile Shots Fired 169 | . 169 Missed 34 | . 34 Hits 135 | . 135 Projectile 135 | . 135 Critical Strikes 1 | . 1 Damage Taken 1428 | . 1428 Core 264 | . 264 Absorbed by Shields . | . . Core Remaining (%) 100 | 100 . Volleys Fired 82 | 14 68 Largest 2 | 2 2 Hottest 80 | 40 80 Shots Fired 161 | 28 133 Gun 135 | 28 107 Cannon 26 | . 26 Launcher . | . . Special . | . . Kinetic 135 | 28 107 Thermal 26 | . 26 Explosive . | . . Electromagnetic . | . . Robot Hit Streak 13 | 4 13 Robot Miss Streak 5 | 3 5 Penetration Max . | . . Secondary Targets 1 | . 1 Max Gunslinging Chain 1 | . 1 Shots Hit Robots 93 | 13 80 Core Hits 32 | 5 27 Critical Kills . | . . Critical Parts Destroyed 1 | . 1 Critical Strikes 1 | . 1 Destroy 1 | . 1 Melee Attacks . | . . Impact . | . . Slashing . | . . Piercing . | . . Sneak Attacks . | . . Combat Hostiles . | . . Follow-up Attacks . | . . Damage Inflicted 1175 | 179 996 Guns 896 | 179 717 Cannons 262 | . 262 Explosions . | . . Melee . | . . Ramming 17 | . 17 Kinetic 896 | 179 717 Thermal 262 | . 262 Explosive . | . . Electromagnetic . | . . Impact . | . . Slashing . | . . Piercing . | . . Highest Corruption 1 | . 1 Average Corruption 1 | . 1 Corruption Purged . | . . Corruption Blocked . | . . Effects 9 | . 9 Message Errors 2 | . 2 Matter Fused 1 | . 1 Heat Flow Errors 3 | . 3 Energy Discharges 1 | . 1 Parts Rejected 1 | . 1 Data Loss (minor) 1 | . 1 Overload Shots . | . . Overflow Damage . | . . Projectiles . | . . Explosions . | . . Melee . | . . Knockbacks . | . . Impact . | . . Kinetic . | . . Secondary . | . . Self-Inflicted Damage . | . . Shots . | . . Rammed . | . . Targets Rammed 9 | . 9 Kicked 9 | . 9 Crushed . | . . Highest Temperature 324 | . 324 Average Temperature 92 | . 92 Received Heat Transfer 609 | . 609 Effects 2 | . 2 Energy Bleed 1 | . 1 Interference 1 | . 1 Siege Activations . | . . Martial Activations . | . . Shielding Activations . | . . Robots Disrupted . | . . Combat Hostiles . | . . Robots Corrupted . | . . Combat Hostiles . | . . Parts Fried . | . . Impact Corruptions . | . . Robots Melted . | . . Combat Hostiles . | . . Parts Melted 1 | . 1 Heat Transferred 555 | . 555 Parts Sabotaged . | . . Parts Stolen . | . . Parts Stripped . | . . Power Chain Reactions . | . . Alert | -11 -10 ------- Run | Yrd Mat Maximum Alert Level . | . . Low Security (%) 100 | 100 100 Level 1 . | . . Level 2 . | . . Level 3 . | . . Level 4 . | . . Level 5 . | . . High Security . | . . Max Security . | . . Peak Influence 174 | 10 174 Initial . | . . Average 39 | . 49 Influence Increases 411 | 20 391 Destroy 0b10 Robot/C 260 | . 260 Destroy 0b10 Robot/NC 20 | 20 . Destroy Leader 50 | . 50 Successful Hack 6 | . 6 Disable Machine 45 | . 45 Lose Combat Pursuer 30 | . 30 Influence Decreases 289 | 20 269 Time Decay 219 | 20 199 Lost Part 70 | . 70 Squads Dispatched 3 | . 3 Investigation 1 | . 1 Extermination . | . . Reinforcement 2 | . 2 Assault . | . . Garrison . | . . Intercept . | . . Searches Triggered . | . . Construction Impeded . | . . Haulers Reinforced . | . . Active Scanning Responses . | . . Cargo Convoy Interrupts . | . . Stealth | -11 -10 --------- Run | Yrd Mat Distress Signals 2 | . 2 Communications Jammed . | . . Distress Signals . | . . Times Spotted 32 | . 32 Peak Tracking Total 5 | . 5 Tactical Retreats 2 | . 2 Traps | -11 -10 ------- Run | Yrd Mat Traps Triggered 2 | . 2 Indirectly . | . . Trap Hack Attempts . | . . Triggered . | . . Disarmed . | . . Reprogrammed . | . . Reused . | . . Traps Extracted . | . . Installed . | . . Triggered . | . . Machines | -11 -10 ---------- Run | Yrd Mat Machines Disabled 3 | . 3 Max in Single Turn 1 | . 1 Machines Repaired . | . . Machines Dismantled . | . . Machines Sabotaged . | . . Overloaded Fab Kills . | . . Hacking | -11 -10 --------- Run | Yrd Mat Machines Accessed 5 | . 5 Terminals 4 | . 4 Fabricators . | . . Repair Stations 1 | . 1 Recycling Units . | . . Scanalyzers . | . . Garrison Access . | . . Total Hacks 12 | . 12 Successful 6 | . 6 Failed 6 | . 6 Catastrophic 1 | . 1 Database Lockouts . | . . Manual 11 | . 11 Terminals 11 | . 11 Fabricators . | . . Repair Stations 1 | . 1 Recycling Units . | . . Scanalyzers . | . . Garrison Access . | . . Terminal Hacks . | . . Fabricator Hacks . | . . Repair Station Hacks . | . . Recycling Unit Hacks . | . . Scanalyzer . | . . Garrison Access Hacks . | . . Unauthorized Hacks 6 | . 6 Terminals 6 | . 6 Botnet 2 | . 2 Skim 4 | . 4 Fabricators . | . . Repair Stations . | . . Recycling Units . | . . Scanalyzers . | . . Garrison Access . | . . Data Cores Recovered . | . . Used . | . . Hacking Detections 5 | . 5 Full Trace Events . | . . Feedback Events . | . . Feedback Blocked . | . . Robot Schematics Acquired . | . . Robots Built . | . . Authchips . | . . Time . | . . Total Robot Build Rating . | . . Part Schematics Acquired . | . . Parts Built . | . . Authchips . | . . Time . | . . Total Part Build Rating . | . . Parts Repaired . | . . Time . | . . Parts Recycled . | . . Recycled Matter . | . . Retrieved Matter . | . . Retrieved Components . | . . Parts Scanalyzed . | . . Part Schematics Acquired . | . . Parts Damaged . | . . Bothacking | -11 -10 ------------ Run | Yrd Mat Used RIF Installer . | . . Robots Hacked . | . . Non-combat . | . . Combat . | . . Robot Hacks Applied . | . . Relay Couplers Released . | . . Fabnet Peak Effective % . | . . Robots Rewired . | . . Allies Hacked . | . . Hacks Repelled . | . . Allies | -11 -10 -------- Run | Yrd Mat Total Allies . | . . Largest Group . | . . Highest-Rated Group . | . . Highest-Rated Ally . | . . Total Orders . | . . Ally Attacks . | . . Total Damage . | . . Kills . | . . Allies Corrupted . | . . Allies Melted . | . . Intel | -11 -10 ------- Run | Yrd Mat Active Infowar (turns) 559 | 42 517 Seismic 559 | 42 517 Robot Analysis Total . | . . Derelict Logs Recovered . | . . Drone Launches . | . . Drone Recoveries . | . . Exploration | -11 -10 ------------- Run | Yrd Mat Turns Passed 900 | 192 708 Spaces Moved 491 | 116 375 Core 5 | 5 . Treads . | . . Legs 486 | 111 375 Wheels . | . . Hover . | . . Flight . | . . Fastest Speed 50 | 50 120 Average Speed 119 | 116 120 Slowest Speed 120 | 120 120 Overloaded Moves . | . . Propulsion Burnouts . | . . Robots Hopped . | . . Potential Cave-ins . | . . Cave-ins Triggered . | . . Exploration Rate (%) 35 | 5 66 Regions Visited 1 Branch Regions . Pre-discovered Areas . | . . Known Exits Taken . | . . Unknown Exits Taken 1 | 1 . Scrap Searched . | . . Spaces Dug . | . . Terrain Destroyed . | . . Melee . | . . Projectile . | . . AOE . | . . Terrain Rammed . | . . Walls Destroyed . | . . Machines Disabled . | . . Actions | -11 -10 --------- Run | Yrd Mat Total 645 | 140 505 Wait 12 | . 12 Move 490 | 115 375 Hop . | . . Pick Up 11 | 2 9 Fast Attach 8 | 7 1 Attach 4 | . 4 Detach . | . . Swap 19 | 2 17 Drop 10 | . 10 Fire 82 | 14 68 Melee . | . . Ram . | . . Kick 9 | . 9 Crush . | . . Escape Stasis . | . . Rewire . | . . Trap . | . . Miscellaneous . | . . Route ------- -11/Scrapyard -10/Materials (discovered 2 exits: [*Mat] / [*Min]) History --------- Turn | Location | Event 17 | -11/Scrapyard | Discovered new exit (range 14) 193 | -11/Scrapyard | Entered Materials 283 | -10/Materials | Discovered new exit (range 4) 327 | -10/Materials | Build established: Mutant 384 | -10/Materials | Discovered new exit (range 12) 795 | -10/Materials | Core integrity fell below 50% 837 | -10/Materials | Lost 4 parts (1p1n1u1w) 886 | -10/Materials | Core integrity fell below 20% 901 | -10/Materials | Destroyed by G-47 Trooper with Particle Gun Last Messages --------------- 00821_ Heat Sink melted. 00821_ G-34 Mercenary destroyed. 00822_ Overheating: System interference. 00822_ Lgt. Assault Rifle temporarily disabled. 00827_ Acquired 50 matter. 00836_ Acquired 16 matter. 00841_ Acquired Aluminum Leg. 00850_ R-06 Scavenger collects Flight Unit. 00863_ System corrupted: Lgt. Ion Engine rejected. 00874_ Seismic Detector destroyed. 00892_ G-47 Trooper heat spikes uncontrollably. 00892_ G-47 Trooper overheating. 00892_ Kicked G-47 Trooper. 00893_ G-47 Trooper overheating. 00893_ Aluminum Leg destroyed. 00893_ Kicked G-47 Trooper. 00894_ G-47 Trooper overheating. 00894_ Kicked G-47 Trooper. 00899_ Kicked G-34 Mercenary. Map ----- +----------------------------------------------------+ | ?# []] # # ! #?# + #?????????? | | ?########### ###########?######### #?????????? | | ????????#""" #??????????????????# #?????????? | | ????????#" #??????????????????# #?????????? | | ????????#"| #???????????##?????# #??? #????? | | ????????#"" < #???????????# ###+### #????? | | ????????#"! #???????????# #????? | | ????????#" #???????????# #????? | | ????????#""" #???????????# T #????? | | ????????#### ##???????????# #####+#????? | | ???????##### ############### #??????????? | | /% [ # # = #??????????? | | # # """ /# #??????????? | | # "" [# """ # """" #??????????? | | ######## ### # "Y +!""" # """" ??????????? | | ???????# ??# # "" !#== + """" ??????????? | | ???????#???# # # """ # #????????? | | ???????????# ######## """ # #????????? | | ???????????# # ??#= "" #? """" #????????? | | ???????????# # # =* #? """" #????????? | | ???????????# # + "" #? """" #????????? | | ???????????# # %! # """ # #????????? | | ???????????# + ! ??# "" * / #????????? | | ???????????# # ????# # #????????? | | ???????????#####??????###g####?##?### #????????? | | ????????????????????????#@#??????????????????????? | | ????????????????????????#g#??????????????????????? | | ????????????????????????#k#??????????????????????? | | ????????????????????????k ??????????????????????? | | ???????????????????????? ??????????????????????? | | ???????????????????????? a ??????????????????????? | | ???????????????????????? ??????????????????????? | | ???????????????????????# #?????????????????????? | | ???????????????????????# #?????????????????????? | | ???????????????????????# g#?????????????????????? | | ??????????????????????? ?????????????????????? | | ??????????????????????? ?????????????????????? | | ??????????????????????? " ?????????????????????? | | ??????????????????????? ?????????????????????? | | ??????????????????????? ? ?????????????????????? | | ???????????????????????##?##?????????????????????? | | ?????????????????????????????????????????????????? | | ?????????????????????????????????????????????????? | | | | | | | | | | | | | | | +----------------------------------------------------+ Best States ------------- Heat Dissipation 25 Energy Generation 10 Energy Capacity 250 Matter Stores 300 Matter Capacity 300 Sight Range 16 Terrain Scan Density 10 Armor Coverage 150 Evasion (%) 55 Item Schematics ----------------- None Robot Schematics ------------------ None Fabricated ------------ Nothing Repaired ---------- Nothing Alien Tech Used ----------------- None Achievements -------------- None Challenges ------------ None Game ------ Seed BoreCargoStorm Manual? 0 Play Time 00:09:36 Cumulative 114.5 hours Start 2025.08.03 @ 11:05:06 End 2025.08.03 @ 13:43:08 Sessions 2 Manual Loads 0 Difficulty Rogue Special Mode None Game No. 127 Rogue 127 Adventurer 0 Explorer 0 Win Type - Total 0 Types 0/0/0/0/0/0/0/0/0/0 Lore% 60 Gallery% 44 Achievement% 35 Wizard Run 0 Options --------- Layout 1 ASCII 0 Keyboard 0 Movement Mouse Keybinds 0 Fullscreen 2 Font 48/Smallcaps Map View 50x35 Zoom Use 0% Tactical HUD 1 Map Filters NONE Filters NONE Steam 0 RUN: 0aeb9169-4ef8-4f28-b19f-e689ba7fc321